 Dungeon Sprint DCSS version 0.30-a0-1160-g6e42c06551 (webtiles) character file.

Game seed: 4302790105577853660

59 fozzywoppz the Sneak (level 3, -13/20 HPs)
             Began as a Spriggan Enchanter on Apr 25, 2023.
             Was an Initiate of Jiyva.
             Killed from afar by a rime drake (29 damage)
             ... with an icy flash freeze
             ... in the Dungeon (Sprint V: "Ziggurat Sprint").
             The game lasted 00:03:29 (168 turns).

fozzywoppz the Sneak (Spriggan Enchanter)            Turns: 168, Time: 00:03:29

Health: -13/20     AC:  2    Str: 10    XL:     3   Next: 78%
Magic:  7/9        EV: 22    Int: 16    God:    Jiyva [......]
Gold:   0          SH:  0    Dex: 23    Spells: 10/10 levels left

rFire   . . .        C - +5 quick blade
rCold   . . .        E - orb {guile}
rNeg    . . .        b - +0 robe
rPois   .            (helmet restricted)
rElec   .            (no cloak)
rCorr   .            (gloves unavailable)
SInv    +            (boots unavailable)
Will    .....        (no amulet)
Stlth   ++++         z - +6 ring of strength
HPRegen 0.23/turn    v - +6 ring of dexterity
MPRegen 0.11/turn

%: no teleportation
@: mighty, lethally poisoned (-13 -> -16), hasted, very quick
A: very small, no large weapons, unfitting armour, see invisible, speed 3
a: Renounce Religion


You were in the Dungeon.
You worshipped Jiyva.
Jiyva was noncommittal.
You visited 1 branch

Inventory:

Hand Weapons
 C - a +5 quick blade (weapon)
 D - the +6 Majin-Bo {spellvamp, MP+6 Int+6}
   (You found it in the Dungeon)

   Int:       It affects your intelligence (+6).
   MP:        It affects your magic capacity (+6).
Armour
 b - a +0 robe (worn)
 l - a +0 buckler of protection
 E - an orb of guile (worn)
Jewellery
 a - a +4 ring of slaying
 v - a +6 ring of dexterity (right hand)
 w - a +6 ring of dexterity
 y - a +6 ring of intelligence
 z - a +6 ring of strength (left hand)
 A - a +6 ring of strength
Wands
 r - a wand of mindburst (7)
 s - a wand of iceblast (7)
 t - a wand of light (7)
 B - a wand of paralysis (7)
Scrolls
 i - 4 scrolls of blinking
 n - 4 scrolls of amnesia
 o - 7 scrolls of fog
 p - 5 scrolls of identify
 q - 2 scrolls of fear
Potions
 c - 4 potions of invisibility
 d - 10 potions of curing
 e - 10 potions of heal wounds
 f - 5 potions of haste
 g - 7 potions of magic
 h - 3 potions of berserk rage
 j - 2 potions of brilliance
 k - 4 potions of resistance
 m - 4 potions of might


   Skills:
 - Level 3.5 Fighting
 + Level 4.4 Short Blades
 + Level 5.9 Dodging
 + Level 7.7 Stealth
 + Level 4.0 Spellcasting
 + Level 4.7 Hexes


You had 10 spell levels left.
You didn't know any spells.
Your spell library contained the following spells:

 Spells                   Type           Power      Damage    Failure   Level
 Confusing Touch          Hex            18%        N/A       8%          3
 Tukima's Dance           Hex            18%        N/A       8%          3
 Ensorcelled Hibernation  Hex/Ice        20%        N/A       10%         2
 Sandblast                Erth           6%         2d5       17%         1
 Dazzling Flash           Conj/Hex       20%        N/A       19%         3
 Fireball                 Conj/Fire      1%         3d3       99%         5
 Iskenderun's Battlesphe  Conj           3%         2d6       99%         5
 Conjure Ball Lightning   Conj/Air       1%         3x3d6     100%        6
 Orb of Destruction       Conj           1%         9d5       100%        7
 Lehudib's Crystal Spear  Conj/Erth      1%         10d2      100%        8
 Shatter                  Erth           1%         3d6*      100%        9


Dungeon Overview and Level Annotations

Branches:
Dungeon (1/1)

Altars:
Ashenzari
Cheibriados
Dithmenos
Elyvilon
Fedhas
Gozag
Hepliaklqana
Kikubaaqudgha
Makhleb
Nemelex Xobeh
Okawaru
Qazlal
Ru
Sif Muna
Trog
Uskayaw
Vehumet
Wu Jian
Xom
Yredelemnul
Zin
The Shining One
Jiyva
Lugonu

Annotations:
D 1 transporter


Innate Abilities, Weirdness & Mutations

You are very small and have problems with some larger weapons.
You are too small for most types of armour.
You have supernaturally acute eyesight. (SInv)
You cover ground extremely quickly. (Speed+++)


Message History

The ufetubus misses you.
You puncture the crimson imp!
You kill the crimson imp!
Your Short Blades skill increases to level 4!
You have reached level 3!
Your experience leads to an increase in your attributes!
Your base attributes are Str 4, Int 16, Dex 15.
Increase (S)trength, (I)ntelligence, or (D)exterity?
You feel agile. x2
You barely miss the ufetubus. The ufetubus closely misses you.
The ufetubus completely misses you.
You puncture the ufetubus!
You kill the ufetubus!
Your Spellcasting skill increases to level 4!
a - a +4 ring of slaying You see here a +0 buckler of protection.
You see here a +6 glaive of venom.
You see here a +0 buckler of protection.
l - a +0 buckler of protection
There is a transporter here.
Welcome to arena 3.
You enter the transporter and appear at another place. 2 swamp drakes and 2 rime drakes come into view.
The swamp drake roars!
Found four items.
Found a transporter.
You see here a staff of fire.
The rime drake hisses angrily.
You puncture the swamp drake!
The swamp drake is heavily wounded.
The rime drake barely misses you.
You puncture the swamp drake!
The swamp drake is almost dead.
The swamp drake breathes poison at you.
The noxious blast engulfs you but does no damage.
You are poisoned.
The swamp drake bites you. The rime drake breathes ice at you.
The icy flash freeze hits you!!
Ouch! That really hurt!
You die...

▓▓▓▓▓▓▓▓▓▓▓▓▓▓▓▓▓▓▓
▓.8○8.▓.8©8.▓.8©8.▓
▓k○k○.▓...).▓.....▓
▓.○@k.▓.....▓...=.▓
▓.○k○.▓.....▓.....▓
▓.....▓.....▓.....▓
▓.....▓.....▓..©..▓
▓..©..▓..©..▓▓▓▓▓▓▓
▓▓▓▓▓▓▓▓▓▓▓▓▓


You could see 2 rime drakes and 2 swamp drakes.

Vanquished Creatures
  A crimson imp (D)
  A shadow imp (D)
  An ufetubus (D)
  A ball python skeleton (D)
  A giant cockroach zombie (D)
5 creatures vanquished.

Vanquished Creatures (others)
  A swamp dragon (shapeshifter) (D)
  A goliath frog (shapeshifter) (D)
  A moth of wrath (shapeshifter) (D)
  A cane toad (shapeshifter) (D)
  A neqoxec (D)
  A basilisk (shapeshifter) (D)
6 creatures vanquished.

Grand Total: 11 creatures vanquished

Notes
Turn   | Place    | Note
-------+----------+-------------------------------------------
     0 | D        | fozzywoppz the Spriggan Enchanter began the quest for the
                  | Orb.
     0 | D        | Reached XP level 1. HP: 9/9 MP: 5/5
     0 | D        | Found a shimmering blue altar of Sif Muna.
     0 | D        | Found a sacrificial altar of Ru.
     0 | D        | Found a bloodstained altar of Trog.
     0 | D        | Found a stormy altar of Qazlal.
     0 | D        | Found an iron altar of Okawaru.
     0 | D        | Found a sparkling altar of Nemelex Xobeh.
     0 | D        | Found a blossoming altar of Fedhas.
     0 | D        | Found the +6 Majin-Bo {spellvamp, MP+6 Int+6}
     0 | D        | Found the +27 heavy crossbow "Sniper" {heavy, Acc+∞ SInv}
     0 | D        | Found the +10 dark maul {heavy}
     0 | D        | Found the +15 Maxwell's patent armour {-Cast -Tele rElec
                  | Will+ rCorr}
     0 | D        | Found the +18 shield of the Gong {Loud rN+ Will+ rCorr
                  | EV-5}
     0 | D        | Found the +16 obsidian axe {drain, demonic, Mesm Drain Fly
                  | SInv}
     0 | D        | Found the +7 great mace "Firestarter" {flame, immolate,
                  | rFlCloud rF++}
     0 | D        | Found the +6 shillelagh "Devastator" {shatter}
     0 | D        | Found the +11 plutonium sword {Contam Stlth-}
     0 | D        | Found the +8 lance "Wyrmbane" {slay drac, rPois rF+ rC+
                  | AC+3}
     0 | D        | Found the +9 sword of Zonguldrok {reap}
     0 | D        | Found the +13 scythe of Curses {drain, curses, Drain}
     0 | D        | Found the +9 sword of Power {lifebolt}
     0 | D        | Found the +7 mace of Variability {chaos, chaos arc}
     0 | D        | Found the +11 Singing Sword {sonic wave}
     0 | D        | Found the +8 storm bow {elec, penet}
     2 | D        | Found a transporter.
     2 | D        | Found an ancient bone altar of Kikubaaqudgha.
     2 | D        | Found a viscous altar of Jiyva.
     2 | D        | Found a corrupted altar of Lugonu.
     2 | D        | Found a hazy altar of Hepliaklqana.
     2 | D        | Found a burning altar of Makhleb.
     2 | D        | Found an opulent altar of Gozag.
    80 | D        | Became a worshipper of Jiyva Jugratug the Shapeless
    96 | D        | Killed a goliath frog
   105 | D        | Killed a moth of wrath
   124 | D        | Entered arena 2.
   124 | D        | Found a transporter.
   126 | D        | Killed a neqoxec
   130 | D        | Got the Verses on Metal
   132 | D        | Killed a cane toad
   139 | D        | Reached skill level 5 in Dodging
   139 | D        | Reached skill level 6 in Stealth
   139 | D        | Reached XP level 2. HP: 16/16 MP: 6/6
   140 | D        | Killed a basilisk
   142 | D        | Entered arena 3.
   142 | D        | Noticed a crimson imp
   142 | D        | Found a transporter.
   147 | D        | Killed a swamp dragon
   148 | D        | Reached skill level 7 in Stealth
   149 | D        | Killed a crimson imp
   150 | D        | Reached XP level 3. HP: 17/20 MP: 7/9
   162 | D        | Entered arena 4.
   162 | D        | Noticed a swamp drake
   162 | D        | Noticed a swamp drake
   162 | D        | Noticed a rime drake
   162 | D        | Noticed a rime drake
   162 | D        | Found a transporter.
   168 | D        | Killed from afar by a rime drake

Illustrated notes

Levels and vault maps discovered:
D:        sprint_v [room_start, room_1, room_2, room_3, room_4, room_5, room_6,
          room_7, room_8, room_9, room_10, room_11, room_12, room_13, room_14,
          room_15, room_16, room_17, room_18, room_19, room_20, room_21,
          room_22, room_23, room_24, room_25, room_26, room_27]

Skill      XL: |  1  2  3 |
---------------+----------+-----
Dodging        | 5 |  5.9
Fighting       | 3 |  3.5
Short Blades   | 3 4 |  4.4
Stealth        | 6 7 |  7.7
Spellcasting   | 3 4 |  4.0
Hexes          | 4 |  4.7

Action                     || total
---------------------------++-------
  Melee: Quick blade       ||    12
    Use: Potion            ||     3
 Armour: Robe              ||     2
  Dodge: Dodged            ||     9

Table legend: (Time is in decaauts)
 A = Elapsed time spent in this place.
 B = Non-inter-level travel time spent in this place.
 C = Inter-level travel time spent in this place.
 D = Time resting spent in this place.
 E = Time spent auto-exploring this place.
 F = Levels seen in this place.
 G = Mean time per level.
                   A        B        C        D        E       F      G
               +--------+--------+--------+--------+--------+-----+--------+
         Total |    106 |    106 |      0 |      0 |      0 |   1 |  106.0 |
       Dungeon |    106 |    106 |      0 |      0 |      0 |   1 |  106.0 |
               +--------+--------+--------+--------+--------+-----+--------+

Top non-repeatable levels by time:
       D: 106 daAuts
